 Dungeon Crawl Stone Soup version 0.29.0-11-gd7f09526c8 (webtiles) character file.

Game seed: 2921657201613207351

81 purpskrrrp the Trooper (level 4, -7/40 HPs)
             Began as a Hill Orc Fighter on Sept 6, 2022.
             Mangled by an orc
             ... wielding a +0 flail
              (8 damage)
             ... on level 3 of the Dungeon.
             The game lasted 00:04:34 (1779 turns).

purpskrrrp the Trooper (Hill Orc Fighter)           Turns: 1779, Time: 00:04:35

Health: -7/40      AC:  3    Str: 20    XL:     4   Next: 40%
Magic:  4/4        EV: 10    Int:  8    God:
Gold:   30         SH:  0    Dex: 10    Spells: 3/3 levels left

rFire   + . .      SeeInvis .   k - +2 bardiche (freeze)
rCold   . . .      Faith    .   (shield currently unavailable)
rNeg    . . .      Spirit   .   b - +0 scale mail
rPois   .          Reflect  .   (no helmet)
rElec   .          Harm     .   (no cloak)
rCorr   .          Rampage  .   (no gloves)
Will    .....      Clarity  +   (no boots)
Stlth   ..........              (no amulet)
HPRegen 0.13/turn               (no ring)
MPRegen 0.09/turn               (no ring)

@: mighty
A: hooves 1, clarity, deformed body, fire resistance 1
a: no special abilities


You were on level 3 of the Dungeon.
You visited 1 branch of the dungeon, and saw 3 of its levels.

You collected 108 gold pieces.
You spent 78 gold pieces at shops.

Inventory:

Hand Weapons
 a - a +0 war axe
 k - a +2 bardiche of freezing (weapon)
Armour
 b - a +0 scale mail (worn)
Potions
 e - a potion of lignification
 h - a potion of invisibility {unknown}
 i - a potion of cancellation {unknown}
 j - a potion of magic {unknown}


   Skills:
 + Level 4.1 Fighting
 - Level 3.9 Axes
 * Level 0.3(2.0) Polearms
 + Level 3.6 Armour
 + Level 1.2 Dodging
 - Level 3.7 Shields


You had 3 spell levels left.
You didn't know any spells.
Your spell library contained the following spells:

 Spells                   Type           Power      Damage    Failure   Level
 Freeze                   Ice            0%         1d3       77%         1
 Frozen Ramparts          Ice            0%         1d1       98%         3
 Hailstorm                Conj/Ice       0%         3d3       100%        4


Dungeon Overview and Level Annotations

Branches:
Dungeon (3/15)

Altars:

Shops:
D:2 ?


Innate Abilities, Weirdness & Mutations

You have large cloven feet.
You possess an exceptional clarity of mind.
Armour fits poorly on your strangely shaped body.
Your flesh is heat resistant. (rF+)


Message History

You kill the orc!
An orc comes into view. It is wielding a +0 flail.
The orc barely misses you.
The orc hits you with a +1 mace of protection.
The orc shouts!
You hit the orc. You freeze the orc.
The orc is moderately wounded.
The orc barely misses you. The orc closely misses you.
The orc barely misses you. The orc hits you with a +0 dagger.
You slice the orc!! You freeze the orc.
You kill the orc!
The orc hits you but does no damage. The orc barely misses you.
You closely miss the orc. Your kick misses the orc.
The orc hits you with a +0 mace. The orc hits you but does no damage.
A kobold comes into view. It is wielding a +0 short sword.
The orc hits you with a +0 mace.
The orc hits you with a +1 mace of protection.
You closely miss the orc.
The kobold shouts!
Your kick misses the orc. The orc hits you with a +0 mace.
The orc barely misses you.
The orc hits you with a +1 mace of protection.
The orc hits you with a +0 mace! The orc hits you with a +0 flail.
* * * LOW HITPOINT WARNING * * *
The orc closely misses you.
You feel better. The orc barely misses you. x2
The orc hits you with a +0 flail.
You feel very mighty all of a sudden. The orc hits you with a +0 flail!
* * * LOW HITPOINT WARNING * * *
The orc misses you. The orc hits you but does no damage.
Okay, then.
You barely miss the orc. The orc barely misses you.
The orc hits you but does no damage. The orc closely misses you. x2
The orc hits you but does no damage. The orc hits you with a +0 flail!
* * * LOW HITPOINT WARNING * * *
As you read the scroll labelled ILUADO QOPPAMI, it crumbles to dust.
Wisps of shadow whirl around you...
It was a scroll of summoning.
The orc hits you with a +0 flail!
You die...

#.. ..# #.
##..#..###..
.###...........
..............
#.#............
...J.K.......
#.ooog.....
#..@.......
#).........
#...)S...(.
#..<.......
###########


You could see 3 orcs, a kobold, a friendly adder (summoned), a friendly
endoplasm (summoned) and a friendly hobgoblin (summoned).

Vanquished Creatures
  2 adders (D:2)
  3 dart slugs
  2 orcs (D:3)
  3 ball pythons (D:1)
  5 bats
  3 endoplasms
  4 giant cockroaches
  A goblin (D:2)
  6 hobgoblins
  6 jackals (D:1)
  2 quokkas
  5 frilled lizards (D:1)
  5 kobolds
  6 rats
53 creatures vanquished.

Notes
Turn   | Place    | Note
-------+----------+-------------------------------------------
     0 | D:1      | purpskrrrp the Hill Orc Fighter began the quest for the
                  | Orb.
     0 | D:1      | Reached XP level 1. HP: 19/19 MP: 1/1
    68 | D:1      | Reached XP level 2. HP: 22/27 MP: 2/2
   273 | D:1      | Reached XP level 3. HP: 33/33 MP: 3/3
   884 | D:2      | Reached skill level 1 in Dodging
   889 | D:2      | Reached skill level 4 in Fighting
  1117 | D:2      | Reached XP level 4. HP: 40/40 MP: 4/4
  1272 | D:2      | Found Buymucw's Magic Scroll Shoppe.
  1301 | D:2      | Bought a scroll of identify for 26 gold pieces
  1301 | D:2      | Bought a scroll of identify for 26 gold pieces
  1301 | D:2      | Bought a scroll of identify for 26 gold pieces
  1304 | D:2      | Gained mutation: Armour fits poorly on your strangely
                  | shaped body. [potion of mutation]
  1304 | D:2      | Gained mutation: Your flesh is heat resistant. (rF+)
                  | [potion of mutation]
  1304 | D:2      | Gained mutation: You possess an exceptional clarity of
                  | mind. [potion of mutation]
  1304 | D:2      | Gained mutation: You have large cloven feet. [potion of
                  | mutation]
  1566 | D:2      | Found a faded altar of an unknown god.
  1778 | D:3      | HP: 1/40 [orc/+0 flail (7)]
  1779 | D:3      | Mangled by an orc

Illustrated notes

Levels and vault maps discovered:
D:1:      grunt_arrival_lava_bath, layout_basic, st_stairs_8, minmay_ruptured
D:2:      layout_basic, serial_shops, nicolae_shop_crystal,
          hellmonk_ecumenical_altar_zigzags
D:3:      layout_rooms, uniq_crazy_yiuf_cottage

Skill      XL: |  1  2  3 |
---------------+----------+-----
Axes           | 3 |  3.9
Dodging        | 1 |  1.2
Fighting       | 4 |  4.1
Polearms       | |  0.3
Armour         | |  3.6
Shields        | |  3.7

Action                   |  1- 3 |  4- 6 || total
-------------------------+-------+-------++-------
Melee: War axe           |   101 |    25 ||   126
       Bardiche          |       |    15 ||    15
  Use: Scroll            |     1 |     4 ||     5
       Potion            |       |     3 ||     3
Armor: Scale mail        |    66 |    27 ||    93
Dodge: Dodged            |    67 |    27 ||    94
Block: Buckler           |    14 |     7 ||    21
